Map: Para Site LE

Players

Option - Winner!

  • Race: Protoss Protoss
  • League: Platinum
  • Spawn Location: 5:00

There

  • Race: Protoss Protoss
  • League: Platinum
  • Spawn Location: 11:00

VOD

Have the link to the VOD?

Description

he werent a loss

Time

  • Played on: Dec. 6, 2018, 3 p.m.
  • Length: 6:19
Show
View Real Time Build Order
Export as new Build Order

Option Protoss - Winner!

Build Orders:  

Get SALT Encoding   

  12  0:01  Probe  
  13  0:14  Probe  
  14  0:18  Pylon  
  14  0:26  Probe  
  15  0:39  Gateway  
  15  0:52  Gateway  
  15  0:55  Probe  
  16  0:59  Assimilator  
  16  1:03  Probe  
  16  1:04  Assimilator  
  16  1:11  Probe  
  18  1:29  Cybernetics Core  
  18  1:35  Probe  
  19  1:43  Pylon  
  19  1:47  Probe  
  20  1:59  Probe  
  21  2:01  Gateway  
  21  2:07  Gateway  
  21  2:14  Stalker  
  23  2:22  Stalker  
  25  2:31  Probe  
  26  2:39  Warp Gate  
  26  2:44  Stalker  
  28  2:52  Stalker  
  30  3:05  Twilight Council  
  30  3:19  Pylon  
  28  3:57  Stalker x2  
  28  3:58  Stalker  
  28  3:59  Stalker  
  36  4:40  Nexus  
  36  4:42  Pylon  
  36  4:43  Sentry  
  38  4:49  Probe  
  39  5:01  Sentry, Probe  
  39  5:02  Sentry x2  
  46  5:17  Robotics Facility  
  46  5:22  Shield Battery  
  46  5:25  Probe  
  46  5:26  Pylon  
  47  5:40  Probe  
  47  5:43  Pylon  
  47  5:48  Probe  
  47  5:49  Pylon  
  49  5:58  Probe  
Show
View Real Time Build Order
Export as new Build Order

There Protoss 

Build Orders:  

Get SALT Encoding   

  12  0:00  Probe  
  13  0:12  Probe  
  14  0:17  Pylon  
  14  0:24  Probe  
  15  0:37  Probe  
  15  0:39  Gateway  
  16  0:48  Probe  
  17  0:56  Pylon, Probe  
  18  1:04  Probe  
  19  1:15  Probe  
  20  1:21  Assimilator  
  20  1:25  Assimilator  
  20  1:27  Probe  
  20  1:28  Cybernetics Core  
  21  1:35  Probe  
  22  1:46  Probe  
  22  1:47  Pylon  
  22  1:53  Zealot  
  25  1:56  Warp Gate  
  25  1:57  Probe  
  26  2:02  Gateway  
  26  2:09  Probe  
  27  2:20  Stalker  
  27  2:21  Probe  
  30  2:33  Probe  
  31  2:42  Pylon  
  31  2:48  Probe  
  31  2:50  Stalker  
  34  3:00  Nexus  
  34  3:03  Probe  
  35  3:09  Stalker  
  35  3:11  Probe  
  38  3:25  Probe  
  37  4:02  Stalker x2  
  41  4:12  Probe  
  42  4:23  Gateway  
  42  4:24  Probe  
  42  4:26  Gateway  
  42  4:28  Probe  
  44  4:35  Forge  
  44  4:36  Probe  
  44  4:37  Stalker x2  
  49  4:39  Probe  
  50  4:46  Pylon  
  50  4:48  Probe x2  
  52  4:56  Assimilator  
  52  4:57  Probe  
  52  4:58  Assimilator  
  52  5:01  Probe  
  52  5:03  Stalker x2  
  58  5:13  Probe  
  59  5:19  Probe  
  60  5:24  Stalker x2  
  60  5:25  Probe  
  60  5:27  Stalker x2  
  69  5:31  Probe  
  70  5:36  Robotics Facility  
  70  5:40  Twilight Council  
  70  5:46  Pylon  
  70  5:50  Pylon  
  70  5:58  Pylon  
  70  6:03  Probe  
  68  6:06  Shield Battery  
Tags
 
Add a new tag
Caveats
  • Supply blocks, unpowered buildings, or Contaminate may cause inaccurate times.
  • Supply counts are checked every 10 seconds.